 Dungeon Crawl Stone Soup version 0.22-a0-402-ga933591 (webtiles) character file.

107 Sergey the Insei (level 4, 0/28 HPs)
             Began as a Tengu Warper on May 7, 2018.
             Succumbed to an adder's poison
             ... on level 2 of the Dungeon.
             The game lasted 00:05:02 (580 turns).

Sergey the Insei (Tengu Warper)                      Turns: 580, Time: 00:05:03

Health: 0/28       AC:  6    Str: 13    XL:     4   Next: 86%
Magic:  8/8        EV: 12    Int: 13    God:
Gold:   56         SH:  0    Dex: 13    Spells: 7/7 levels left

rFire    . . .     SeeInvis .   w - +3 rapier (drain)
rCold    . . .     Gourm    .   (no shield)
rNeg     . . .     Faith    .   g - +1 ring mail
rPois    .         Spirit   .   (helmet restricted)
rElec    .         Reflect  .   (no cloak)
rCorr    .         Harm     .   (no gloves)
MR       .....                  (boots unavailable)
Stlth    +.........             (no amulet)
HPRegen  0.09/turn              (no ring)
MPRegen  0.11/turn              (no ring)

@: lethally poisoned (0 -> -2), very slightly contaminated
A: beak, talons 3
a: no special abilities


You were on level 2 of the Dungeon.
You were not hungry.

You visited 1 branch of the dungeon, and saw 4 of its levels.

You collected 56 gold pieces.

Inventory:

Hand Weapons
 w - a +3 rapier of draining (weapon)
Armour
 a - a +0 leather armour
 g - a +1 ring mail (worn)
Comestibles
 b - 3 chunks of flesh
 f - 2 rations


   Skills:
 + Level 3.0 Fighting
 - Level 1.0 Throwing
 - Level 1.1 Armour
 + Level 3.3 Dodging
 * Level 4.0 Unarmed Combat
 - Level 2.0 Spellcasting
   Level 2.4 Translocations


You had 7 spell levels left.
You didn't know any spells.

Dungeon Overview and Level Annotations

Branches:
Dungeon (4/15)
 Temple: D:4-7

Altars:
Nemelex Xobeh

Annotations:
D:4 Dowan, Duvessa


Innate Abilities, Weirdness & Mutations

You have a beak for a mouth.
You have claws for feet.


Message History

You feel sick. The gnoll closely misses you. The hound closely misses you.
The gnoll barely misses you. The gnoll hits you but does no damage.
You climb upwards.
Found a blue potion.
There is a stone staircase leading down here.
Unknown command.
Unknown command.
Unknown command.
You aren't carrying any scrolls.
You are too injured to fight recklessly!
You barely miss the hound. The hound barely misses you.
The gnoll barely misses you. The hound bites you but does no damage.
The gnoll hits you.
* * * LOW HITPOINT WARNING * * *
The gnoll hits you but does no damage.
Unknown command.
Unknown command.
You hit the hound. You peck the hound. Your punch misses the hound.
The hound is heavily wounded.
You die...

#.... !....#
##### #.... #
#.... # #....
# #...# #...#
#.#.g.#######
#...g@h......
#############


You could see a hound and 2 gnolls.

Vanquished Creatures
  Jessica (D:3)
  2 worker ants (D:3)
  An adder (D:3)
  A leopard gecko (D:3)
  2 giant cockroaches
  4 goblins
  2 hobgoblins
  5 jackals
  A bat (D:2)
  A frilled lizard (D:2)
  A kobold (D:1)
  2 rats (D:2)
23 creatures vanquished.

Notes
Turn   | Place    | Note
-------+----------+-------------------------------------------
     0 | D:1      | Sergey the Tengu Warper began the quest for the Orb.
     0 | D:1      | Reached XP level 1. HP: 12/12 MP: 4/4
   166 | D:2      | Reached XP level 2. HP: 17/17 MP: 6/6
   224 | D:2      | Found a sparkling altar of Nemelex Xobeh.
   393 | D:3      | You fall through a shaft!
   423 | D:4      | Noticed Duvessa
   423 | D:4      | Noticed Dowan
   443 | D:3      | Reached skill level 3 in Unarmed Combat
   443 | D:3      | Reached XP level 3. HP: 7/22 MP: 7/7
   459 | D:3      | Reached XP level 4. HP: 9/27 MP: 8/8
   462 | D:3      | Noticed Jessica
   471 | D:3      | Killed Jessica
   570 | D:3      | Reached skill level 4 in Unarmed Combat
   579 | D:2      | HP: 1/28 [gnoll (2)]
   580 | D:2      | Succumbed to an adder's poison

Vault maps used:
D:1:      giann_wishing_wells
D:2:      nemelex_altar_shiori
D:3:      chequers_ecumenical_altar_island, uniq_jessica
D:4:      first_ration, uniq_duvessa

Skill      XL: |  1  2  3  4 |
---------------+-------------+-----
Unarmed Combat | 3 4 |  4.0
Dodging        | 3 |  3.3
Fighting       | 3 |  3.0
Throwing       | |  1.0
Armour         | |  1.1
Spellcasting   | |  2.0
Translocations | |  2.4

Action                   |  1- 3 |  4- 6 || total
-------------------------+-------+-------++-------
Melee: Unarmed           |    33 |       ||    33
       Peck              |     8 |     3 ||    11
       Kick              |     4 |       ||     4
       Rapier            |    31 |    12 ||    43
       Punch             |     1 |       ||     1
Throw: Tomahawk          |     4 |     1 ||     5
  Use: Scroll            |     2 |     2 ||     4
Armor: Leather armour    |     4 |       ||     4
       Ring mail         |    21 |     8 ||    29
Dodge: Dodged            |    46 |    11 ||    57

Table legend:
 A = Spawn XP
 B = Non-spawn XP
 C = Spawn XP percentage of total XP
 D = Spawn monster count
 E = Non-spawn monster count
 F = Spawn count percentage of total count
 G = Total turns spent on level
                    A         B        C        D         E        F      G
               +---------+---------+-------+---------+---------+-------+---------
         Total |       0 |     154 |   0.0 |       0 |      23 |   0.0 |   580
               +---------+---------+-------+---------+---------+-------+---------
           D:1 |       0 |       9 |   0.0 |       0 |       5 |   0.0 |   159
           D:2 |       0 |      13 |   0.0 |       0 |       9 |   0.0 |   208
           D:3 |       0 |     132 |   0.0 |       0 |       9 |   0.0 |   172
               +---------+---------+-------+---------+---------+-------+---------
